 Dungeon Crawl Stone Soup version 0.31-a0-187-gba352fbbf7 (webtiles) character file.

Game seed: 6978988447704902258

35 qw the Shooter (level 3, -1/20 HPs)
             Began as a Deep Elf Hunter on June 22, 2023.
             Slain by a hobgoblin (3 damage)
             ... led by Robin
             ... on level 2 of the Dungeon.
             The game lasted 00:00:18 (557 turns).

qw the Shooter (Deep Elf Hunter)                     Turns: 557, Time: 00:00:18

Health: -1/20      AC:  3    Str: 14    XL:     3   Next: 17%
Magic:  5/5        EV: 12    Int: 13    God:
Gold:   33         SH:  0    Dex: 20    Spells: 2/2 levels left

rFire   . . .        Y - +0 shortbow
rCold   . . .        (shield currently unavailable)
rNeg    . . .        c - +0 leather armour
rPois   .            (no helmet)
rElec   .            (no cloak)
rCorr   .            (no gloves)
SInv    .            (no boots)
Will    .....        j - amulet of regeneration
Stlth   ++           h - +6 ring of strength
HPRegen 1.03/turn    (no ring)
MPRegen 0.09/turn

%: no passive effects
@: no status effects
A: no striking features
a: no special abilities


You were on level 2 of the Dungeon.
You visited 1 branch of the dungeon, and saw 2 of its levels.

You collected 33 gold pieces.


   Skills:
 - Level 1.5 Fighting
 + Level 6.8 Ranged Weapons
 - Level 2.4 Dodging
 - Level 1.2 Stealth


You had 2 spell levels left.
You didn't know any spells.
Your spell library was empty.

Inventory:

Hand Weapons
 Y - a +0 shortbow (weapon)
Armour
 c - a +0 leather armour (worn)
Jewellery
 h - a +6 ring of strength (left hand)
 j - an amulet of regeneration (around neck)
Scrolls
 a - a scroll of identify
Potions
 d - a potion of heal wounds {unknown}
 e - a potion of degeneration {unknown}
 f - a potion of haste {unknown}
 g - a potion of attraction {unknown}

Dungeon Overview and Level Annotations

Branches:
Dungeon (2/15)

Altars:

Shops:
D:2 ([

Annotations:
D:2 Robin


Message History

You hear a shout!
Robin throws the goblin at you! The goblin hits you but does no damage.
You hear a bark!
You shoot an arrow. The arrow hits the goblin.
You kill the goblin!
A goblin comes into view. It is wielding a +0 club.
You shoot an arrow. The arrow hits the hobgoblin!
You kill the hobgoblin!
A goblin comes into view. It is wielding a +0 club.
Robin throws the goblin at you! The goblin hits you with a +0 club.
You shoot an arrow. The arrow closely misses the goblin.
The goblin unwields a +0 club.
The goblin wields a +0 sling.
The goblin shoots a sling bullet.
The sling bullet closely misses you.
The sling bullet closely misses the goblin.
The goblin hits you with a +0 club.
Robin roars a battlecry!
The goblins go into a battle-frenzy!
You shoot an arrow. The arrow hits the goblin.
The goblin is heavily wounded.
The goblin closely misses you.
552 ||| Stepping ~*~*~tactically~*~*~ (outnumbered).
The goblin attacks as you move away! The goblin barely misses you.
The goblin hits you with a +0 club.
You shoot an arrow. The arrow hits the goblin!
You kill the goblin!
The goblin hits you with a +0 club. The goblin misses you.
The goblin closely misses you. The goblin hits you with a +0 club.
You shoot an arrow. The arrow barely misses the goblin.
The arrow hits the hobgoblin but does no damage.
The goblin closely misses you. The goblin hits you with a +0 club. x2
You shoot an arrow.
The arrow hits the goblin but does no damage.
The goblin barely misses you. x2; The goblin misses you.
You shoot an arrow. The arrow hits the goblin.
You kill the goblin!
The goblin hits you but does no damage. The goblin hits you with a +0 club.
You shoot an arrow.
The arrow completely misses the hobgoblin.
The hobgoblin hits you.
You die...

#.. .. .. ..###.#####
.8..#.....# ..#.......#
<\.8......###
..#...#.)...# .. .
.8.)..gg.##.## .< .. .
..$.#.g@..#.. ... #.#.
...)g###.##.#####.###...
.... #..#.#....).....#
..g ##...#.# #.....# ..
###...####.....# #
#..###........
#......#.....#
##......[....#
##\>#....####


You could see Robin, a hobgoblin (strong) and 2 goblins.

Vanquished Creatures
  4 bats (D:1)
  2 giant cockroaches (D:1)
  10 goblins
  3 hobgoblins
  2 kobolds (D:1)
  A quokka (D:1)
  A frilled lizard (D:1)
  8 rats
31 creatures vanquished.

Notes
Turn   | Place    | Note
-------+----------+-------------------------------------------
     0 | D:1      | qw the Deep Elf Hunter began the quest for the Orb.
     0 | D:1      | Reached XP level 1. HP: 12/12 MP: 3/3
     0 | D:1      | 0 ||| qw: Version: 0.3-a-9-g12657ce
     0 | D:1      | 0 ||| qw: Game counter: 2536
     0 | D:1      | 0 ||| qw: Always use a shield: true
     0 | D:1      | 0 ||| qw: God list: Okawaru
     0 | D:1      | 0 ||| qw: Allow faded altars: false
     0 | D:1      | 0 ||| qw: Do Orc after D:15 true
     0 | D:1      | 0 ||| qw: Do second Lair branch before Depths: true
     0 | D:1      | 0 ||| qw: Lair rune preference: random
     0 | D:1      | 0 ||| qw: Plans: Normal
     0 | D:1      | 0 ||| PLANNING D:1-11
    61 | D:1      | Reached XP level 2. HP: 16/16 MP: 4/4
    84 | D:1      | Reached skill level 6 in Ranged Weapons
   491 | D:1      | 491 ||| UPGRADING to amulet of regeneration.
   496 | D:1      | 496 ||| UPGRADING to +6 ring of strength.
   497 | D:1      | 497 ||| READING scroll labelled NUZYAXKIAW.
   498 | D:1      | 498 ||| READING scroll labelled QANUESHEGUNT.
   499 | D:1      | 499 ||| DROPPING scroll of butterflies.
   518 | D:2      | Found Mioffun's Antique Armour Shop.
   526 | D:2      | 526 ||| SHOPLISTING pair of boots (121 gold, have 33).
   541 | D:2      | Found Xezxiull's Antique Weapon Shoppe.
   545 | D:2      | Noticed Robin
   546 | D:2      | Reached XP level 3. HP: 20/20 MP: 5/5
   552 | D:2      | 552 ||| Stepping ~*~*~tactically~*~*~ (outnumbered).
   554 | D:2      | HP: 2/20 [goblin/+0 club[Robin] (5)]
   557 | D:2      | Slain by a hobgoblin

Levels and vault maps discovered:
D:1:      tarquinn_simple_flora_water_c, layout_rooms, chequers_garden,
          patterned_corridor
D:2:      layout_basic, serial_shops, shop, shop, nicolae_shop_statue_plus,
          nicolae_shop_crystal, nicolae_shop_tiny_statue_garden,
          grunt_ministairs_2, minmay_bisected, uniq_robin

Skill      XL: |  1  2 |
---------------+-------+-----
Ranged Weapons | 6 |  6.8
Fighting       | |  1.5
Dodging        | |  2.4
Stealth        | |  1.2

Action                     || total
---------------------------++-------
   Fire: Shortbow          ||    62
    Use: Scroll            ||     2
 Armour: Leather armour    ||    10
  Dodge: Dodged            ||    15

Table legend:
 A = Non-vault XP
 B = Vault XP
 C = Vault XP percentage of total XP
 D = Non-vault monster count
 E = Vault monster count
 F = Vault count percentage of total count
                 A         B        C        D         E       F
            +---------+---------+-------+---------+---------+-------
      Total |      39 |      12 |  23.5 |      25 |       6 |  19.4
            +---------+---------+-------+---------+---------+-------
        D:1 |      36 |       0 |   0.0 |      23 |       0 |   0.0
        D:2 |       3 |      12 |  80.0 |       2 |       6 |  75.0
            +---------+---------+-------+---------+---------+-------
